Map: Lerilak Crest

Players

KingKron

  • Race: Zerg Zerg
  • League: Diamond

LilDicky - Winner!

  • Race: Terran Terran
  • League: Diamond

VOD

http://www.twitch.tv/tumescentpie

Description

Time

  • Played on: Dec. 7, 2015, 9:54 p.m.
  • Length: 6:04
Show
View Real Time Build Order
Export as new Build Order

KingKron Zerg 

Build Orders: Hatch First 

Get SALT Encoding   

  12  0:01  Drone  
  13  0:17  Overlord  
  13  0:20  Drone  
  14  0:37  Drone x2  
  16  0:46  Drone  
  17  0:54  Drone  
  18  1:09  Drone  
  19  1:12  Hatchery  
  19  1:18  Drone, Extractor  
  19  1:21  Spawning Pool  
  17  1:26  Drone  
  18  1:35  Drone  
  19  1:58  Overlord  
  19  1:59  Drone  
  20  2:14  Drone  
  21  2:24  Queen  
  21  2:25  Queen  
  21  2:26  Metabolic Boost  
  25  2:34  Zergling x4  
  25  2:35  Zergling x2  
  28  2:38  Drone x2  
  30  2:46  Overlord  
  30  2:52  Drone  
  30  2:58  Drone  
  32  3:00  Queen  
  32  3:01  Drone  
  35  3:08  Drone  
  35  3:11  Drone  
  37  3:20  Drone x2  
  39  3:29  Roach Warren  
  38  3:40  Drone x3  
  38  3:41  Drone x3  
  44  3:42  Overlord  
  44  3:43  Overlord  
  44  3:57  Overlord  
  44  4:08  Extractor  
  44  4:09  Extractor  
  42  4:11  Baneling Nest, Extractor  
  42  4:14  Drone x2  
  42  4:15  Drone x7  
  49  4:24  Zergling x2  
  43  4:58  Spore Crawler  
  43  4:59  Drone x4  
  46  5:04  Zergling x2  
  46  5:05  Zergling x10  
  49  5:36  Zergling x2  
  49  5:37  Zergling x8  
Show
View Real Time Build Order
Export as new Build Order

LilDicky Terran - Winner!

Build Orders: Liberator Opening 

Get SALT Encoding   

  12  0:01  SCV  
  13  0:13  SCV  
  14  0:17  Supply Depot  
  14  0:25  SCV  
  15  0:39  SCV, Refinery  
  16  0:45  Barracks  
  16  0:51  SCV  
  17  1:03  SCV  
  18  1:15  SCV  
  19  1:23  Refinery  
  19  1:27  SCV  
  20  1:36  Marine  
  20  1:39  Orbital Command  
  21  1:44  Factory  
  21  1:45  Supply Depot  
  21  1:53  Supply Depot  
  21  2:03  Barracks Reactor  
  21  2:05  SCV  
  22  2:19  SCV  
  23  2:28  Armory  
  23  2:33  SCV  
  23  2:34  Starport  
  24  2:39  Marine x2  
  24  2:43  Supply Depot  
  24  2:44  Factory Tech Lab  
  26  2:47  SCV  
  27  2:56  Marine  
  27  2:57  Marine  
  28  3:00  SCV  
  29  3:15  Thor  
  29  3:19  Marine  
  36  3:28  SCV  
  36  3:33  Medivac  
  39  3:40  Supply Depot  
  39  3:44  Supply Depot  
  39  3:46  Liberator  
  39  4:01  Marine x2  
  39  4:02  SCV  
  42  4:08  Supply Depot  
  45  4:14  SCV  
  46  4:19  Marine x2  
  48  4:25  Siege Tank  
  51  4:37  Marine  
  52  4:38  Marine  
  53  4:55  Marine  
  54  6:00  Command Center  
  54  6:02  Command Center  
Tags
 
Add a new tag
Caveats
  • Supply blocks, unpowered buildings, or Contaminate may cause inaccurate times.
  • Supply counts are checked every 10 seconds.